 Dungeon Crawl Stone Soup version 0.17-a0-2133-gde797ed (webtiles) character file.

63 TruthSerum the Skirmisher (level 3, -4/34 HPs)
             Began as a Minotaur Fighter on Oct 24, 2015.
             Slain by an orc
             ... wielding a +0 trident
              (5 damage)
             ... on level 4 of the Dungeon.
             The game lasted 00:07:53 (2348 turns).

TruthSerum the Skirmisher (Minotaur Fighter)        Turns: 2348, Time: 00:07:53

Health: -4/34      AC: 10    Str: 20    XL:     3   Next: 87%
Magic:  0/2        EV:  5    Int:  5    God:
Gold:   134        SH:  9    Dex: 10    Spells: 0 memorised, 2 levels left

rFire  . . .     SeeInvis .     a - +0 flail
rCold  . . .     Clarity  .     i - +0 chain mail
rNeg   . . .     SustAt   .     c - +0 shield
rPois  .         Gourm    .     (helmet restricted)
rElec  .         Spirit   +     (no cloak)
rCorr  .         Warding  .     (no gloves)
rMut   .         Stasis   .     j - +0 pair of boots
MR     .....                    f - amulet of guardian spirit
Stlth  ..........               (no ring)
                                (no ring)

@: not resistant to hostile enchantments, extremely unstealthy
A: retaliatory headbutt, horns 2
a: no special abilities


You were on level 4 of the Dungeon.
You were not hungry.

You visited 1 branch of the dungeon, and saw 4 of its levels.

You collected 134 gold pieces.

Inventory:

Hand Weapons
 a - a +0 flail (weapon)
Armour
 c - a +0 shield (worn)
 i - a +0 chain mail (worn)
 j - a +0 pair of boots (worn)
Jewellery
 f - an amulet of guardian spirit (around neck)
Scrolls
 n - a scroll of enchant weapon {unknown}
 o - a scroll of noise {unknown}
 p - a scroll of teleportation {unknown}
 q - 2 scrolls of identify {unknown}
 s - a scroll of fear {unknown}
Potions
 b - a potion of invisibility {unknown}
 d - a potion of might
 g - a potion of cancellation {unknown}
 k - a potion of flight {unknown}
 m - a potion of lignification {unknown}
 r - a potion of heal wounds {unknown}
 t - a potion of beneficial mutation {unknown}
Comestibles
 e - 3 bread rations
 h - 4 chunks of flesh
 l - a slice of pizza


   Skills:
 + Level 4.7 Fighting
 + Level 4.1 Maces & Flails
 - Level 3.6 Armour
 - Level 3.6 Shields


You had 2 spell levels left.
You didn't know any spells.

Dungeon Overview and Level Annotations

Branches:
Dungeon (4/15)
 Temple: D:4-7

Altars:
Ashenzari
Gozag
Nemelex Xobeh
The Shining One

Annotations:
D:4 Eustachio


Innate Abilities, Weirdness & Mutations

You reflexively headbutt those who attack you in melee.
You have a pair of horns on your head.


Message History

You block the orc's attack. The orc hits you with a trident.
* * * LOW HITPOINT WARNING * * *
You block Eustachio's attack. The iron imp barely misses you.
The iron imp hits you but does no damage.
The orc hits you but does no damage.
You closely miss Eustachio. Your headbutt misses Eustachio.
Eustachio is lightly wounded.
The iron imp disappears in a puff of smoke!
You block the orc's attack. You block Eustachio's attack.
You block the orc's attack.
The iron imp shouts, "Return whence thou came, thou currish moon-mazed scavenger!"
The iron imp hits you!
* * * LOW HITPOINT WARNING * * *
The orc closely misses you. You furiously retaliate!
You headbutt the orc. You closely miss Eustachio.
Your headbutt misses Eustachio.
Eustachio is lightly wounded.
Eustachio says, "Summoning is fun!"
You block Eustachio's attack. You block the orc's attack.
The orc hits you with a trident.
You die...

##########
#........#
#.5@@..$.#
......oo.....#
..<..........#
...$...#+#+###
.......
...#$.# ##.#..
# #..


You could see Eustachio, an iron imp and 2 orcs.

Vanquished Creatures
  2 giant geckos
  4 orcs
  2 giant cockroaches
  11 goblins
  6 hobgoblins
  4 kobolds
  A quokka (D:3)
  6 bats
  4 giant newts
  6 jackals
  8 rats
54 creatures vanquished.

Notes
Turn   | Place    | Note
--------------------------------------------------------------
     0 | D:1      | TruthSerum the Minotaur Fighter began the quest for the Orb.
     0 | D:1      | Reached XP level 1. HP: 19/19 MP: 0/0
   148 | D:1      | Reached skill level 4 in Fighting
   172 | D:1      | Reached XP level 2. HP: 24/27 MP: 1/1
   810 | D:1      | Reached XP level 3. HP: 33/33 MP: 2/2
  1632 | D:3      | Found a sparkling altar of Nemelex Xobeh.
  1767 | D:3      | Found a glowing golden altar of the Shining One.
  2102 | D:3      | Found a shattered altar of Ashenzari.
  2215 | D:3      | Found an opulent altar of Gozag.
  2326 | D:4      | Noticed Eustachio
  2347 | D:4      | HP: 1/34 [iron imp[Eustachio] (8)]
  2348 | D:4      | Slain by an orc

Vault maps used:
D:1:      evilmike_arrival_crescent
D:3:      lemuel_doored_altar, lemuel_round_altar,
          lemuel_coloured_pillars_altar, lemuel_crystal_altar,
          grunt_ministairs_8, minmay_curled_crystal, minmay_misc_feat_plants
D:4:      kennysheep_mini, uniq_eustachio

Action                   || total
-------------------------++-------
Melee: Flail             ||   136
  Eat: Chunk             ||     5
